General information
- name: BNet
- type: Ladder team game (AT/RT)
- host: Battle.net
- saver: IIlIIIlllIIllIl
map: GolemsInTheMist
- players: 8
- length: 29:58
- speed: Fast
- version: 1.28 W3XP
- replay type: Public
» download(194 KB)
Players
team 1 (loser)

»
jpv88 (
pink | 75 APM | 2180 actions | 29:14)
5 Tauren Chieftain
3 Shockwave
2 Endurance Aura
1 Death Knight
1 Unholy Aura
1 Lich
1 Frost Armor
» actions
| Assign group hotkey | 25 | |
| Build / train | 85 | |
| Enter build submenu | 26 | |
| Enter hero's abilities submenu | 7 | |
| Give item / drop item | 5 | |
| Right click | 1273 | |
| Select / deselect | 483 | |
| Select group hotkey | 201 | |
| Use ability | 75 | |
2180 total
» units
| Peon | 10 | |
| Troll Headhunter/Berserker | 19 | |
| Goblin Shredder | 1 | |
| Goblin Zeppelin | 1 | |
| Shaman | 9 | |
| Demolisher | 4 | |
| Frost Wyrm | 8 | |
52 total
» upgrades
| Ranged Weapons | 3 | |
| Shaman Training | 2 | |
| Berserker Upgrade | 1 | |
| Reinforced Defenses | 1 | |
| Burning Oil | 1 | |
| Armor | 1 | |
9 total
» buildings
| Altar of Storms | 1 | |
| Orc Burrow | 6 | |
| Barracks | 2 | |
| War Mill | 1 | |
| Voodoo Lounge | 1 | |
| Watch Tower | 7 | |
| Stronghold | 1 | |
| Fortress | 1 | |
| Spirit Lodge | 2 | |
| Great Hall | 1 | |
| Boneyard | 3 | |
| Ziggurat | 1 | |
27 total
» build order
00:10 Altar of Storms
00:22 Orc Burrow
00:37 Barracks
01:28 War Mill
01:39 Voodoo Lounge
02:04 Orc Burrow
03:27 Watch Tower
03:38 Stronghold
04:32 Orc Burrow
06:32 Fortress
07:01 Spirit Lodge
09:19 Barracks
09:25 Orc Burrow
11:23 Great Hall
11:25 Watch Tower
11:27 Watch Tower
11:28 Watch Tower
12:20 Watch Tower
13:41 Orc Burrow
15:46 Boneyard
15:47 Boneyard
15:50 Boneyard
18:41 Orc Burrow
22:59 Spirit Lodge
23:32 Watch Tower
23:33 Watch Tower
24:12 Ziggurat
» items
| Healing Salve | 4 | |
| Scroll of Town Portal | 2 | |
| Orb of Lightning | 1 | |
| Scroll of Speed | 1 | |
| Lesser Clarity Potion | 1 | |
| Potion of Mana | 1 | |
| Potion of Healing | 1 | |
| Dust of Appearance | 1 | |
12 total

»
Oryx (
purple | 28 APM | 831 actions | 29:13)
8 Priestess of the Moon
2 Searing Arrows
2 Trueshot Aura
1 Scout
3 Starfall
» actions
| Assign group hotkey | 24 | |
| Build / train | 71 | |
| Enter build submenu | 20 | |
| Enter hero's abilities submenu | 6 | |
| Remove unit from queue | 1 | |
| Right click | 375 | |
| Select / deselect | 248 | |
| Select group hotkey | 33 | |
| Use ability | 53 | |
831 total
» units
| Wisp | 9 | |
| Archer | 14 | |
| Huntress | 6 | |
| Dryad | 5 | |
| Druid of the Talon | 6 | |
| Chimaera | 4 | |
| Hippogryph | 2 | |
46 total
» upgrades
| Abolish Magic | 1 | |
| Sentinel | 1 | |
| Corrosive Breath | 1 | |
3 total
» buildings
| Altar of Elders | 1 | |
| Moon Well | 9 | |
| Ancient of War | 1 | |
| Tree of Ages | 1 | |
| Ancient of Wonders | 1 | |
| Hunter's Hall | 1 | |
| Ancient of Lore | 2 | |
| Tree of Eternity | 1 | |
| Ancient of Wind | 1 | |
| Chimaera Roost | 2 | |
20 total
» build order
00:10 Altar of Elders
00:21 Moon Well
00:52 Ancient of War
01:28 Moon Well
03:40 Moon Well
04:34 Tree of Ages
04:37 Ancient of Wonders
04:40 Hunter's Hall
07:13 Ancient of Lore
07:19 Ancient of Lore
10:13 Tree of Eternity
11:00 Ancient of Wind
11:26 Moon Well
11:33 Moon Well
15:14 Chimaera Roost
17:08 Chimaera Roost
18:40 Moon Well
19:21 Moon Well
19:29 Moon Well
20:45 Moon Well
» items
Smaug (
green | 86 APM | 2585 actions | 29:57)
9 Archmage
3 Summon Water Elemental
3 Brilliance Aura
1 Mass Teleport
2 Blizzard
» actions
| Assign group hotkey | 28 | |
| Basic commands | 3 | |
| Build / train | 84 | |
| Enter build submenu | 25 | |
| Enter hero's abilities submenu | 11 | |
| Remove unit from queue | 9 | |
| Right click | 675 | |
| Select / deselect | 452 | |
| Select group hotkey | 1155 | |
| Use ability | 143 | |
2585 total
» units
| Peasant | 8 | |
| Footman | 4 | |
| Goblin Shredder | 4 | |
| Rifleman | 6 | |
| Priest | 5 | |
| Sorceress | 2 | |
| Spell Breaker | -1 | |
28 total
» upgrades
| Long Rifles | 1 | |
| Masonry | 3 | |
| Armor | 2 | |
| Magic Sentry | 1 | |
| Priest Training | 2 | |
| Gunpowder | 1 | |
| Sorceress Training | 1 | |
11 total
» buildings
| Altar of Kings | 1 | |
| Barracks | 3 | |
| Farm | 17 | |
| Scout Tower | 19 | |
| Arcane Tower | 1 | |
| Lumber Mill | 1 | |
| Keep | 1 | |
| Blacksmith | 1 | |
| Guard Tower | 8 | |
| Town Hall | 1 | |
| Arcane Vault | 1 | |
| Arcane Sanctum | 2 | |
| Castle | 1 | |
| Workshop | 2 | |
| Cannon Tower | 3 | |
62 total
» build order
00:21 Altar of Kings
00:28 Barracks
00:41 Farm
00:52 Farm
01:41 Scout Tower
01:59 Farm
02:09 Arcane Tower
02:46 Lumber Mill
03:03 Farm
03:23 Scout Tower
03:43 Keep
03:46 Blacksmith
04:39 Guard Tower
04:43 Scout Tower
05:50 Guard Tower
05:54 Barracks
06:11 Farm
06:12 Farm
06:46 Town Hall
06:50 Scout Tower
06:52 Scout Tower
06:53 Scout Tower
06:54 Scout Tower
06:55 Scout Tower
06:57 Scout Tower
06:58 Scout Tower
07:23 Guard Tower
09:23 Arcane Vault
09:35 Guard Tower
09:57 Farm
09:59 Farm
11:10 Scout Tower
11:14 Scout Tower
11:17 Scout Tower
11:19 Scout Tower
11:51 Arcane Sanctum
11:53 Arcane Sanctum
12:11 Guard Tower
12:33 Castle
12:51 Guard Tower
15:05 Barracks
16:43 Farm
16:44 Farm
16:45 Farm
17:23 Workshop
17:25 Workshop
19:46 Farm
19:47 Farm
19:48 Farm
19:50 Farm
19:51 Farm
20:39 Scout Tower
20:40 Scout Tower
20:41 Scout Tower
20:42 Scout Tower
20:44 Scout Tower
21:25 Cannon Tower
22:00 Guard Tower
22:02 Guard Tower
22:45 Cannon Tower
23:02 Cannon Tower
» items
| Scroll of Regeneration | 1 | |
| Scroll of Town Portal | 8 | |
| Potion of Healing | 3 | |
12 total
BigolRumproast (
red | 41 APM | 583 actions | 14:05)
1 Death Knight
1 Death Coil
1 Lich
1 Frost Nova
» actions
| Assign group hotkey | 19 | |
| Basic commands | 35 | |
| Build / train | 38 | |
| ESC pressed | 1 | |
| Enter build submenu | 23 | |
| Enter hero's abilities submenu | 2 | |
| Right click | 229 | |
| Select / deselect | 142 | |
| Select group hotkey | 63 | |
| Use ability | 31 | |
583 total
» units
| Acolyte | 2 | |
| Ghoul | 4 | |
| Crypt Fiend | 12 | |
| Obsidian Statue | 4 | |
22 total
» upgrades
| Creature Attack | 2 | |
| Burrow | 1 | |
| Creature Carapace | 1 | |
| Web | 1 | |
5 total
» buildings
| Graveyard | 2 | |
| Crypt | 1 | |
| Altar of Darkness | 1 | |
| Ziggurat | 9 | |
| Tomb of Relics | 1 | |
| Halls of the Dead | 1 | |
| Nerubian Tower | 2 | |
| Slaughterhouse | 2 | |
| Sacrificial Pit | 1 | |
| Black Citadel | 1 | |
| Spirit Tower | 1 | |
22 total
» build order
00:25 Graveyard
00:32 Graveyard
00:46 Crypt
01:03 Altar of Darkness
01:21 Ziggurat
02:25 Tomb of Relics
02:32 Ziggurat
03:54 Halls of the Dead
04:42 Ziggurat
04:44 Nerubian Tower
04:44 Nerubian Tower
06:28 Slaughterhouse
06:30 Sacrificial Pit
06:31 Slaughterhouse
06:55 Ziggurat
08:36 Ziggurat
11:47 Black Citadel
12:57 Ziggurat
12:58 Ziggurat
13:00 Ziggurat
13:01 Ziggurat
13:16 Spirit Tower
team 2 (winner)
IIlIIIlllIIllIl (
yellow | 52 APM | 1563 actions | 29:58)
5 Paladin
1 Divine Shield
3 Holy Light
1 Devotion Aura
» actions
| Assign group hotkey | 14 | |
| Basic commands | 36 | |
| Build / train | 86 | |
| Enter build submenu | 91 | |
| Enter hero's abilities submenu | 5 | |
| Right click | 595 | |
| Select / deselect | 424 | |
| Select group hotkey | 173 | |
| Use ability | 139 | |
1563 total
» units
| Peasant | 30 | |
| Goblin Shredder | 1 | |
| Mortar Team | 3 | |
| Sorceress | 6 | |
40 total
» upgrades
| Masonry | 3 | |
| Gunpowder | 4 | |
| Plating | 1 | |
| Armor | 3 | |
| Flare | 1 | |
| Fragmentation Shards | 1 | |
| Sorceress Training | 1 | |
14 total
» buildings
| Lumber Mill | 2 | |
| Scout Tower | 74 | |
| Farm | 6 | |
| Arcane Tower | 3 | |
| Guard Tower | 19 | |
| Keep | 1 | |
| Altar of Kings | 1 | |
| Castle | 1 | |
| Town Hall | 2 | |
| Arcane Vault | 4 | |
| Blacksmith | 2 | |
| Workshop | 4 | |
| Arcane Sanctum | 3 | |
122 total
» build order
00:35 Lumber Mill
00:39 Scout Tower
01:03 Farm
01:05 Farm
01:08 Arcane Tower
01:37 Farm
02:29 Scout Tower
02:33 Scout Tower
02:35 Scout Tower
02:40 Farm
02:43 Scout Tower
02:45 Farm
02:48 Scout Tower
02:55 Scout Tower
02:56 Scout Tower
02:57 Scout Tower
02:58 Scout Tower
03:00 Scout Tower
03:31 Guard Tower
04:10 Guard Tower
04:11 Guard Tower
04:25 Keep
04:27 Guard Tower
04:31 Guard Tower
04:44 Lumber Mill
04:52 Scout Tower
04:53 Scout Tower
04:59 Scout Tower
05:02 Scout Tower
05:22 Altar of Kings
05:41 Scout Tower
05:47 Guard Tower
05:50 Scout Tower
05:57 Scout Tower
05:58 Scout Tower
06:00 Scout Tower
06:01 Scout Tower
06:05 Guard Tower
06:10 Farm
06:43 Arcane Tower
06:46 Arcane Tower
07:37 Guard Tower
09:21 Scout Tower
09:22 Scout Tower
09:25 Scout Tower
09:27 Scout Tower
09:32 Scout Tower
09:33 Scout Tower
09:35 Scout Tower
09:36 Scout Tower
09:38 Scout Tower
09:53 Guard Tower
09:54 Castle
10:16 Guard Tower
10:19 Guard Tower
10:41 Scout Tower
10:44 Scout Tower
11:28 Scout Tower
11:29 Scout Tower
11:29 Scout Tower
11:32 Scout Tower
11:36 Scout Tower
11:38 Town Hall
11:42 Scout Tower
11:42 Scout Tower
11:47 Scout Tower
11:47 Scout Tower
11:49 Scout Tower
11:50 Scout Tower
11:58 Arcane Vault
12:01 Guard Tower
12:14 Guard Tower
12:29 Scout Tower
12:31 Scout Tower
12:33 Scout Tower
12:34 Scout Tower
12:36 Guard Tower
12:44 Scout Tower
12:44 Scout Tower
12:45 Scout Tower
12:45 Scout Tower
12:46 Scout Tower
12:47 Scout Tower
12:47 Scout Tower
12:50 Scout Tower
13:22 Guard Tower
13:26 Guard Tower
13:38 Guard Tower
14:01 Guard Tower
14:15 Scout Tower
14:16 Scout Tower
14:17 Scout Tower
14:17 Scout Tower
14:18 Scout Tower
16:42 Guard Tower
16:59 Blacksmith
17:02 Blacksmith
18:26 Workshop
18:26 Workshop
18:29 Workshop
18:37 Workshop
19:53 Scout Tower
19:54 Scout Tower
19:55 Scout Tower
19:56 Scout Tower
19:56 Scout Tower
20:53 Arcane Vault
20:58 Arcane Vault
24:54 Town Hall
24:56 Scout Tower
24:56 Scout Tower
24:56 Scout Tower
24:57 Scout Tower
24:57 Scout Tower
24:58 Scout Tower
24:59 Scout Tower
24:59 Scout Tower
25:01 Scout Tower
25:05 Arcane Vault
26:05 Arcane Sanctum
26:09 Arcane Sanctum
26:13 Arcane Sanctum
» items
www.noob.com (
teal | 32 APM | 955 actions | 29:58)
3 Paladin
2 Devotion Aura
1 Holy Light
» actions
| Assign group hotkey | 7 | |
| Basic commands | 22 | |
| Build / train | 92 | |
| Enter build submenu | 43 | |
| Enter hero's abilities submenu | 3 | |
| Remove unit from queue | 2 | |
| Right click | 312 | |
| Select / deselect | 403 | |
| Select group hotkey | 4 | |
| Use ability | 67 | |
955 total
» units
| Peasant | 12 | |
| Mortar Team | 27 | |
| Goblin Zeppelin | 1 | |
| Siege Engine | 17 | |
57 total
» upgrades
| Lumber Harvesting | 1 | |
| Barrage | 1 | |
| Fragmentation Shards | 1 | |
| Gunpowder | 3 | |
| Plating | 1 | |
| Armor | 2 | |
9 total
» buildings
| Farm | 13 | |
| Blacksmith | 1 | |
| Keep | 1 | |
| Lumber Mill | 3 | |
| Altar of Kings | 1 | |
| Workshop | 3 | |
| Castle | 1 | |
| Town Hall | 1 | |
| Scout Tower | 17 | |
| Guard Tower | 18 | |
59 total
» build order
00:12 Farm
01:06 Blacksmith
01:35 Keep
01:48 Lumber Mill
02:20 Altar of Kings
02:55 Farm
03:38 Farm
03:57 Workshop
04:09 Workshop
04:14 Workshop
04:16 Farm
04:58 Castle
05:19 Farm
06:01 Farm
06:04 Farm
06:43 Farm
06:45 Farm
07:58 Farm
08:28 Town Hall
09:29 Farm
10:16 Farm
10:55 Farm
11:43 Scout Tower
12:12 Scout Tower
12:14 Guard Tower
12:47 Guard Tower
12:50 Scout Tower
13:18 Guard Tower
13:19 Guard Tower
13:21 Scout Tower
13:49 Guard Tower
13:51 Scout Tower
14:26 Guard Tower
14:30 Scout Tower
15:00 Guard Tower
15:06 Scout Tower
15:32 Scout Tower
15:34 Guard Tower
16:13 Guard Tower
16:30 Scout Tower
16:58 Guard Tower
17:02 Scout Tower
17:30 Guard Tower
18:16 Scout Tower
19:01 Guard Tower
19:03 Scout Tower
19:32 Guard Tower
19:37 Scout Tower
20:11 Guard Tower
20:22 Scout Tower
20:56 Guard Tower
21:05 Scout Tower
21:35 Guard Tower
21:38 Scout Tower
22:54 Lumber Mill
23:08 Guard Tower
23:12 Scout Tower
23:44 Guard Tower
23:57 Lumber Mill

»
BetterDead (
orange | 32 APM | 970 actions | 29:57)
7 Death Knight
3 Death Coil
3 Unholy Aura
1 Animate Dead
3 Dreadlord
2 Vampiric Aura
1 Sleep
3 Crypt Lord
2 Impale
1 Carrion Beetles
» actions
| Assign group hotkey | 8 | |
| Basic commands | 12 | |
| Build / train | 69 | |
| Enter build submenu | 16 | |
| Enter hero's abilities submenu | 13 | |
| Give item / drop item | 3 | |
| Remove unit from queue | 2 | |
| Right click | 465 | |
| Select / deselect | 198 | |
| Select group hotkey | 135 | |
| Use ability | 49 | |
970 total
» units
| Acolyte | 4 | |
| Ghoul | 4 | |
| Crypt Fiend | 12 | |
| Frost Wyrm | 8 | |
28 total
» upgrades
| Web | 1 | |
| Creature Attack | 3 | |
| Creature Carapace | 2 | |
| Freezing Breath | 1 | |
7 total
» buildings
| Ziggurat | 9 | |
| Crypt | 1 | |
| Altar of Darkness | 1 | |
| Graveyard | 1 | |
| Tomb of Relics | 1 | |
| Halls of the Dead | 1 | |
| Black Citadel | 1 | |
| Sacrificial Pit | 1 | |
| Spirit Tower | 2 | |
| Boneyard | 2 | |
20 total
» build order
00:29 Ziggurat
00:35 Crypt
00:47 Altar of Darkness
01:38 Graveyard
01:58 Ziggurat
02:47 Tomb of Relics
02:56 Ziggurat
04:26 Ziggurat
05:23 Halls of the Dead
05:53 Ziggurat
07:06 Ziggurat
09:38 Black Citadel
10:02 Sacrificial Pit
11:54 Ziggurat
11:57 Spirit Tower
11:59 Spirit Tower
12:08 Boneyard
12:16 Boneyard
12:50 Ziggurat
15:34 Ziggurat
» items
| Rod of Necromancy | 1 | |
| Dust of Appearance | 1 | |
| Scroll of Speed | 1 | |
| Scroll of Town Portal | 5 | |
| Orb of Corruption | 2 | |
| Orb of Fire | 1 | |
| Scroll of Regeneration | 1 | |
12 total

»
TheSingingBush (
blue | 40 APM | 1189 actions | 29:58)
7 Blademaster
3 Critical Strike
3 Wind Walk
1 Bladestorm
3 Tauren Chieftain
2 Endurance Aura
1 War Stomp
3 Shadow Hunter
2 Healing Wave
1 Hex
» actions
| Basic commands | 16 | |
| Build / train | 94 | |
| Enter build submenu | 25 | |
| Enter hero's abilities submenu | 13 | |
| Give item / drop item | 1 | |
| Remove unit from queue | 3 | |
| Right click | 482 | |
| Select / deselect | 429 | |
| Use ability | 126 | |
1189 total
» units
| Peon | 16 | |
| Troll Headhunter/Berserker | 18 | |
| Shaman | 6 | |
| Troll Witch Doctor | 7 | |
47 total
» upgrades
| Ranged Weapons | 3 | |
| Armor | 3 | |
| Troll Regeneration | 1 | |
| Shaman Training | 2 | |
| Witch Doctor Training | 2 | |
| Berserker Upgrade | 1 | |
| Reinforced Defenses | 1 | |
| Spiked Barricades | 2 | |
15 total
» buildings
| Orc Burrow | 6 | |
| Altar of Storms | 1 | |
| War Mill | 1 | |
| Voodoo Lounge | 1 | |
| Barracks | 2 | |
| Stronghold | 1 | |
| Fortress | 1 | |
| Great Hall | 2 | |
| Spirit Lodge | 2 | |
| Watch Tower | 10 | |
27 total
» build order
00:20 Orc Burrow
00:36 Altar of Storms
00:55 War Mill
01:06 Voodoo Lounge
01:44 Orc Burrow
02:22 Barracks
02:40 Barracks
04:09 Orc Burrow
05:35 Stronghold
06:33 Orc Burrow
09:20 Fortress
10:14 Great Hall
10:29 Spirit Lodge
10:31 Spirit Lodge
10:48 Orc Burrow
10:51 Orc Burrow
21:07 Watch Tower
21:08 Watch Tower
21:09 Watch Tower
21:11 Watch Tower
21:13 Watch Tower
21:56 Watch Tower
22:49 Great Hall
22:59 Watch Tower
23:01 Watch Tower
23:04 Watch Tower
23:05 Watch Tower
» items
| Healing Salve | 1 | |
| Orb of Lightning | 4 | |
| Scroll of Town Portal | 4 | |
| Scroll of Speed | 1 | |
10 total
Chat log
(00:04 / All) BigolRumproast: U FAGGOT
(00:10 / All) BigolRumproast: that kid yellow messages me
(00:14 / All) BigolRumproast: hahaha literallyw
(00:17 / All) BigolRumproast: no idea whpo he is
(00:25 / All) IIlIIIlllIIllIl: different barcode
(00:27 / All) Oryx: what he say?
(00:28 / All) BigolRumproast: die
(00:48 / All) IIlIIIlllIIllIl: there isn't just one barcode, anyone can be barcode
(01:07 / All) BigolRumproast: its the same one
(01:07 / All) BetterDead: that guy has been doing it to me for 10 years!!!
(01:40 / All) BigolRumproast: people are just weird man all im saying
(01:46 / All) BigolRumproast: if its the same person or not
(01:48 / All) Oryx: like that mustang guy
(01:51 / All) IIlIIIlllIIllIl: you are weird
(01:53 / All) BigolRumproast: its the strangest fucking thing ever
(01:56 / All) Oryx: GET TO THE MUSTANG. annoying af
(02:04 / All) IIlIIIlllIIllIl: haven't encountered him in a long time
(02:17 / All) IIlIIIlllIIllIl: I remember the guy around 2005ish and a few years after that
(02:23 / All) IIlIIIlllIIllIl: that said he wanted to suck little boys toys every game
(02:36 / All) Oryx: he was around within the last year
(02:55 / All) BigolRumproast: people have real problems
(03:00 / All) BigolRumproast: how do u make it so no 1 can msg u?
(03:09 / All) IIlIIIlllIIllIl: /o igw
(03:11 / All) www.noob.com: quit the game
(03:21 / All) BigolRumproast: omg man thanks so much
(03:24 / All) BigolRumproast: i love u igw
(03:30 / All) BigolRumproast: i knew squelch
(03:46 / All) IIlIIIlllIIllIl: I learned that a long time ago, because of a grubby article
(03:52 / All) IIlIIIlllIIllIl: he had to use it everytime he first logged in
(03:58 / All) BigolRumproast: ah rubby...
(04:00 / All) IIlIIIlllIIllIl: because he'd be bombarded with whispers
(04:00 / All) BigolRumproast: grubby
(04:06 / All) BigolRumproast: man thanks sorry for tlaking shit u just saved me
(04:08 / All) BigolRumproast: so much bs haha
(04:13 / All) BigolRumproast: <3 i could suck that dick right now
(04:14 / All) BigolRumproast: hahahahaha
(04:19 / All) BigolRumproast: cuz i am a live and let live kinda guy
(04:21 / All) BigolRumproast: i get stoned
(04:22 / All) IIlIIIlllIIllIl: NP...
(04:27 / All) BigolRumproast: and or drunk and play this here and there
(04:28 / All) BigolRumproast: haha
(04:32 / All) BigolRumproast: and i cant deal with ppl
(04:37 / All) BigolRumproast: just wanna play!!!
(05:24 / Allies) www.noob.com: wood?
(05:36 / Allies) www.noob.com: ty
(07:33 / Allies) IIlIIIlllIIllIl: fight at tower
(11:08 / Allies) TheSingingBush: thanks yellow
(11:36 / Allies) www.noob.com: anyone need gold or wood let me know
(11:38 / Allies) www.noob.com: i got epxo
(14:08 / Allies) IIlIIIlllIIllIl: lol
(14:24 / Allies) IIlIIIlllIIllIl: brb
(16:25 / Allies) www.noob.com: wood?
(16:42 / Allies) www.noob.com: ty
(17:24 / Allies) IIlIIIlllIIllIl: focus cats
(17:35 / Allies) IIlIIIlllIIllIl: run blue lol
(17:46 / Allies) IIlIIIlllIIllIl: orange you're alone there
(17:52 / Allies) IIlIIIlllIIllIl: when you tp tp to my expo
(23:55 / Allies) BetterDead: gold?
(25:17 / Allies) IIlIIIlllIIllIl: he might mh
(25:20 / Allies) IIlIIIlllIIllIl: which is fucking sad lol
(25:30 / Allies) www.noob.com: who
(25:36 / Allies) IIlIIIlllIIllIl: purple
(26:21 / Allies) BetterDead: gold
(26:25 / Allies) BetterDead: thansk
(26:34 / All) www.noob.com: YEA
(26:35 / All) www.noob.com: THATS ME
(26:38 / All) www.noob.com: COME GET SOME
(27:03 / Allies) IIlIIIlllIIllIl: don't let them expo
(27:09 / Allies) IIlIIIlllIIllIl: and we win
(27:18 / Allies) www.noob.com: ok kill where
(27:31 / Allies) www.noob.com: gold me
(27:39 / Allies) www.noob.com: ty
(28:09 / Allies) IIlIIIlllIIllIl: do you have a hero teal
(28:16 / Allies) www.noob.com: it died
(29:02 / All) jpv88: gg
(29:07 / All) IIlIIIlllIIllIl: gg no re
(29:10 / All) Oryx: gg
(29:20 / All) www.noob.com: gg
(29:22 / All) www.noob.com: well played